 Dungeon Crawl Stone Soup version 0.23.2-11-gf996548c65 (webtiles) character file.

Game seed: 3291166228221176423

2702 MalarOregon the Chiller (level 9, -2/70 HPs)
             Began as a Ghoul Ice Elementalist on June 6, 2019.
             Was a Follower of Makhleb.
             Slain by an orc warrior
             ... wielding a +0 trident
              (15 damage)
             ... on level 8 of the Dungeon.
             The game lasted 00:29:39 (10856 turns).

MalarOregon the Chiller (Ghoul Ice Elementalist)   Turns: 10856, Time: 00:29:39

Health: -2/70      AC:  7    Str: 12    XL:     9   Next: 65%
Magic:  19/24      EV: 13    Int: 13    God:    Makhleb [*.....]
Gold:   18         SH:  0    Dex:  9    Spells: 2/18 levels left

rFire    + . .     SeeInvis .   (no weapon)
rCold    + . .     Gourm    .   (no shield)
rNeg     + + +     Faith    .   s - +2 robe {rF+}
rPois    ∞         Spirit   .   (no helmet)
rElec    .         Reflect  .   (no cloak)
rCorr    .         Harm     .   (no gloves)
MR       .....                  h - +2 pair of boots
Stlth    +++.......             (no amulet)
HPRegen  0.00/turn              o - ring of magical power
MPRegen  0.19/turn              (no ring)

@: rotting
A: rotting body, claws 1, carnivore, cold resistance 1, negative energy
resistance 3, inhibited regeneration, torment resistance, unbreathing
a: Renounce Religion


You were on level 8 of the Dungeon.
You worshipped Makhleb.
Makhleb was aware of your devotion.
You were not hungry.

You visited 2 branches of the dungeon, and saw 9 of its levels.

You collected 274 gold pieces.
You spent 256 gold pieces at shops.

Inventory:

Missiles
 a - a throwing net (quivered) {!f}
Armour
 h - a +2 pair of boots (worn)
   (You found it on level 1 of the Dungeon)
 s - a +2 robe of fire resistance (worn)
   (You took it off an orc wizard on level 6 of the Dungeon)
Jewellery
 o - a ring of magical power (left claw)
   (You found it on level 2 of the Dungeon)
Wands
 t - a wand of flame (8)
   (You took it off Blork the orc on level 5 of the Dungeon)
 v - a wand of digging (7)
   (You found it on level 5 of the Dungeon)
Scrolls
 c - 8 scrolls of remove curse {@r2}
 d - 2 scrolls of enchant weapon
 f - a scroll of immolation {!r}
 g - a scroll of fog
 i - 3 scrolls of identify {@r1}
 j - a scroll of magic mapping
 k - a scroll of vulnerability {!r}
 p - 7 scrolls of teleportation {@r4}
Potions
 b - 3 potions of heal wounds {@q2}
 l - 3 potions of curing {@q1}
Comestibles
 e - 13 rations {!d}
 m - 2 chunks of flesh


   Skills:
 + Level 3.5 Fighting
 + Level 3.6 Dodging
 + Level 5.1 Stealth
 * Level 5.0 Spellcasting
 * Level 4.1 Conjurations
 * Level 4.4 Summonings
 * Level 7.1 Ice Magic
 + Level 2.8 Invocations
 + Level 0.0 Evocations


You had 2 spell levels left.
You knew the following spells:

 Your Spells              Type           Power        Failure   Level  Hunger
a - Freeze                Ice            ###.         1%          1    None
b - Poisonous Vapours     Pois/Air       #.....       28%         2    ##.....
c - Throw Icicle          Conj/Ice       ###.....     19%         4    ####...
d - Summon Ice Beast      Ice/Summ       ###.....     17%         4    ####...
f - Mephitic Cloud        Conj/Pois/Air  #.......     32%         3    ###....
x - Throw Frost           Conj/Ice       ###...       2%          2    ##.....

Your spell library contained the following spells:

 Spells                   Type           Power        Failure   Level  Hunger
 Ozocubu's Armour         Chrm/Ice       ##......     13%         3    ###....
 Conjure Flame            Conj/Fire      #.......     24%         3    ###....
 Freezing Cloud           Conj/Ice/Air   ##........   99%         6    #######
 Ring of Flames           Chrm/Fire      #.........   100%        7    #######


Dungeon Overview and Level Annotations

Branches:
Dungeon (8/15)             Temple (1/1) D:5
   Lair: D:8-11

Altars:
Ashenzari
Cheibriados
Dithmenos
Elyvilon
Fedhas
Gozag
Hepliaklqana
Kikubaaqudgha
Makhleb
Nemelex Xobeh
Okawaru
Qazlal
Ru
Sif Muna
Trog
Uskayaw
Vehumet
Wu Jian
Xom
Yredelemnul
Zin
The Shining One

Shops:
D:5 (?   D:6 (   D:7 *

Annotations:
D:3 Grinder
D:5 1 runed translucent door, Crazy Yiuf


Innate Abilities, Weirdness & Mutations

Your body is rotting away.
You thrive on raw meat.
You are immune to poison.
You have sharp fingernails.
You are carnivorous and can eat meat at any time.
Your flesh is cold resistant. (rC+)
You are immune to negative energy. (rN+++)
You do not regenerate when monsters are visible.
You are immune to unholy pain and torment.
You can survive without breathing.


Message History

Found a scroll labeled ARCHO FIKAROIVO.
Found 12 bolts.
i - 3 scrolls of identify {@r1} (gained 1)
You don't have any unidentified items.
c - 8 scrolls of remove curse {@r2} (gained 1)
An orc warrior comes into view. It is wielding a +0 trident.
The orc warrior shouts!
You hear a shout! x2
The orc warrior is too close now for your liking.
Aim: an orc warrior, wielding a +0 trident and wearing a +0 chain mail The puff of frost hits the orc warrior.
You hear an angry hiss.
Aim: an orc warrior, wielding a +0 trident and wearing a +0 chain mail (lightly wounded)
The puff of frost hits the orc warrior but does no damage.
Aim: an orc warrior, wielding a +0 trident and wearing a +0 chain mail (lightly wounded)
The puff of frost hits the orc warrior but does no damage.
The orc warrior barely misses you.
An orc and an orc wizard come into view.
An adder comes into view.
The orc warrior hits you with a +0 trident!
Aim: an orc warrior, wielding a +0 trident and wearing a +0 chain mail (lightly wounded)
Okay, then.
The orc warrior hits you but does no damage.
The orc wizard casts a spell.
The orc wizard blinks!
Found a short sword.
You see here a leopard gecko skeleton.
Some of the chunks of flesh in your inventory have rotted away.
You see here a ring mail.
There is a stone staircase leading up here.
The orc warrior closely misses you.
Aim: an orc warrior, wielding a +0 trident and wearing a +0 chain mail (lightly wounded)
You freeze the orc warrior.
The orc warrior hits you with a +0 trident.
Aim: an orc warrior, wielding a +0 trident and wearing a +0 chain mail (lightly wounded)
You freeze the orc warrior.
The orc warrior hits you with a +0 trident!
Aim: an orc warrior, wielding a +0 trident and wearing a +0 chain mail (moderately wounded)
You freeze the orc warrior! The orc warrior closely misses you.
Aim: an orc warrior, wielding a +0 trident and wearing a +0 chain mail (heavily wounded)
You freeze the orc warrior.
The orc warrior hits you with a +0 trident!
* * * LOW HITPOINT WARNING * * *
Aim: an orc warrior, wielding a +0 trident and wearing a +0 chain mail (heavily wounded)
You freeze the orc warrior.
The orc warrior hits you with a +0 trident!
* * * LOW HITPOINT WARNING * * *
Aim: an orc warrior, wielding a +0 trident and wearing a +0 chain mail (severely wounded)
You freeze the orc warrior.
The orc warrior hits you with a +0 trident!
You die...

#.##...##[#
#.#######.###### #.#
#......# #.# ####.###
#.# #.# #.# #.# #.#
#.# #.##########.#
#.#<@o.......#
#.############
#......# .)
#######.####### ....
..........>....
.....####+####÷#).(...
...............#......
#......≈.....## .....
+........oo..# .....


You could see an orc warrior.

Vanquished Creatures
  Sigmund (D:4)
  Duvessa (D:7)
  2 orc warriors
  2 phantoms
  An ogre (D:6)
  A centaur (D:5)
  A big kobold (D:7)
  Blork the orc (D:5)
  A bullfrog (D:8)
  Dowan (D:7)
  2 vampire bats (D:6)
  2 howler monkeys (D:7)
  A crimson imp (D:5)
  4 orc priests
  A centaur skeleton (D:6)
  A bullfrog skeleton (D:5)
  6 orc wizards
  7 worker ants
  2 hound skeletons
  7 gnolls
  8 adders
  A shadow imp (D:6)
  5 oozes
  A worm (D:2)
  4 dart slugs
  7 leopard geckos
  17 orcs
  A ball python (D:2)
  16 bats
  7 giant cockroaches
  6 goblins
  11 hobgoblins
  10 jackals
  3 quokkas
  5 frilled lizards
  A jackal zombie (D:5)
  11 kobolds
  A leopard gecko skeleton (D:4)
  8 rats
168 creatures vanquished.

Vanquished Creatures (collateral kills)
  Harold (D:7)
1 creature vanquished.

Grand Total: 169 creatures vanquished

Notes
Turn   | Place    | Note
-------+----------+-------------------------------------------
     0 | D:1      | MalarOregon the Ghoul Ice Elementalist began the quest for
                  | the Orb.
     0 | D:1      | Reached XP level 1. HP: 14/14 MP: 2/2
   126 | D:1      | Reached XP level 2. HP: 18/20 MP: 0/4
   600 | D:1      | Reached XP level 3. HP: 16/25 MP: 0/5
   701 | D:1      | Learned a level 2 spell: Throw Frost
   873 | D:1      | Reached skill level 4 in Ice Magic
  1681 | D:2      | Reached XP level 4. HP: 28/33 MP: 0/6
  1965 | D:2      | Learned a level 4 spell: Summon Ice Beast
  2557 | D:2      | Reached skill level 1 in Conjurations
  2585 | D:2      | Reached XP level 5. HP: 12/33 MP: 0/8
  3123 | D:3      | Noticed Grinder
  3711 | D:3      | Reached skill level 1 in Summonings
  4317 | D:3      | Found a blossoming altar of Fedhas.
  4466 | D:4      | Reached XP level 6. HP: 42/42 MP: 5/9
  4478 | D:4      | Reached skill level 1 in Fighting
  4738 | D:4      | Learned a level 4 spell: Throw Icicle
  5154 | D:4      | Found a hazy altar of Hepliaklqana.
  5154 | D:4      | Found a hide-covered altar of Uskayaw.
  5155 | D:4      | Found a bloodstained altar of Trog.
  5441 | D:4      | Noticed Sigmund
  5446 | D:4      | Found a glowing golden altar of the Shining One.
  5487 | D:4      | Reached skill level 5 in Ice Magic
  5528 | D:4      | Killed Sigmund
  5528 | D:4      | Reached XP level 7. HP: 37/53 MP: 4/11
  6079 | D:5      | Entered Level 5 of the Dungeon
  6096 | D:5      | Found a staircase to the Ecumenical Temple.
  6117 | Temple   | Entered the Ecumenical Temple
  6208 | Temple   | Became a worshipper of Makhleb the Destroyer
  6393 | D:5      | Found Ataofid's Distillery.
  6686 | D:5      | Reached XP level 8. HP: 11/61 MP: 2/12
  6963 | D:5      | Noticed Blork the orc
  6976 | D:5      | Killed Blork the orc
  7442 | D:5      | Found Guge's Magic Scroll Shoppe.
  7451 | D:5      | Bought a scroll of teleportation for 36 gold pieces
  7451 | D:5      | Bought a scroll of teleportation for 36 gold pieces
  7451 | D:5      | Bought a scroll of summoning for 114 gold pieces
  7680 | D:5      | Reached skill level 1 in Invocations
  7803 | D:5      | Found a runed translucent door.
  7804 | D:5      | Noticed Crazy Yiuf
  7821 | D:5      | Found Caicw's Antique Weapon Shop.
  8058 | D:6      | Found Vyammosit's Antique Weapon Boutique.
  8468 | D:6      | Reached * piety under Makhleb
  8468 | D:6      | Reached skill level 6 in Ice Magic
  9534 | D:7      | Reached XP level 9. HP: 68/68 MP: 14/14
  9616 | D:7      | Found a shimmering altar of Xom.
  9617 | D:7      | Found a radiant altar of Vehumet.
  9713 | D:7      | Found a deep blue altar of Sif Muna.
  9817 | D:7      | Noticed Harold
  9849 | D:7      | Noticed Duvessa
  9855 | D:7      | Noticed Dowan
  9886 | D:7      | Killed Harold
  9886 | D:7      | Reached skill level 5 in Stealth
 10127 | D:7      | Killed Duvessa
 10127 | D:7      | Reached skill level 5 in Spellcasting
 10127 | D:7      | Reached skill level 7 in Ice Magic
 10134 | D:7      | Killed Dowan
 10550 | D:7      | Learned a level 2 spell: Poisonous Vapours
 10554 | D:7      | Learned a level 3 spell: Mephitic Cloud
 10591 | D:7      | Found Watoxekk's General Store.
 10601 | D:7      | Bought a potion of heal wounds for 70 gold pieces
 10856 | D:8      | Slain by an orc warrior

Skill      XL: |  1  2  3  4  5  6  7  8  9 |
---------------+----------------------------+-----
Spellcasting   | 2 3 4 5 |  5.0
Ice Magic      | 4 5 6 7 |  7.1
Stealth        | 3 4 5 |  5.1
Conjurations   | 1 2 3 4 |  4.1
Dodging        | 2 3 |  3.6
Summonings     | 1 2 3 4 |  4.4
Fighting       | 1 2 3 |  3.5
Invocations    | 2 |  2.8

Action                   |  1- 3 |  4- 6 |  7- 9 || total
-------------------------+-------+-------+-------++-------
Melee: Unarmed           |    31 |   149 |   235 ||   415
Throw: Throwing net      |       |     1 |     1 ||     2
 Cast: Freeze            |    61 |    85 |   117 ||   263
       Throw Frost       |       |    61 |    87 ||   148
       Throw Icicle      |       |       |     9 ||     9
  Use: Scroll            |     3 |     5 |     9 ||    17
       Potion            |       |     4 |     6 ||    10
 Stab: Sleeping          |       |     1 |     1 ||     2
       Held in net/web   |       |       |     3 ||     3
  Eat: Chunk             |     4 |    31 |    34 ||    69
Armor: Robe              |    12 |    54 |    83 ||   149
Dodge: Dodged            |    43 |   133 |   182 ||   358
